 Dungeon Crawl Stone Soup version 0.31-a0-569-g7ea453304b (console) character file.

Game seed: 3227870373505252751

186234 Ignak the Scholar (level 18, 0/154 HPs)
             Began as a Gnoll Air Elementalist on Aug 17, 2023.
             Was an Elder of Sif Muna.
             Slain by a +2 triple sword of venom (26 damage)
             ... on level 2 of the Elven Halls on Aug 18, 2023.
             The game lasted 02:07:19 (32609 turns).

Ignak the Scholar (Gnoll Air Elementalist)         Turns: 32609, Time: 02:07:19

Health: 0/154      AC: 23    Str:  7    XL:     18   Next: 47%
Magic:  18/35      EV: 14    Int: 21    God:    Sif Muna [****..]
Gold:   808        SH: 15    Dex: 15    Spells: 2/43 levels left

rFire   + . .        a - +5 Force Lance {heavy, knockback}
rCold   + + .        D - +3 buckler "Runeh" {rPois Will- SInv}
rNeg    + . .        X - quicksilver dragon scales of an ice cave {rPois rN+ Will+ Regen+ SInv}
rPois   +            t - +2 hood of the Assassin {Detect Stab+ Stlth++}
rElec   .            x - scarf {rC+ rF+}
rCorr   .            P - +2 pair of gloves
SInv    +            A - +1 pair of boots
Will    +....        S - amulet of reflection
Stlth   +++++++      I - ring of protection from fire
HPRegen 1.25/turn    p - ring of ice
MPRegen 0.24/turn

%: reflection
@: lethally poisoned (0 -> -5)
A: fangs 1, strong nose, distributed training, robust 1, shaggy fur 1
a: Renounce Religion, Channel Magic, Forget Spell, Divine Exegesis


You were on level 2 of the Elven Halls.
You worshipped Sif Muna.
Sif Muna was greatly pleased with you.
You visited 5 branches of the dungeon, and saw 25 of its levels.
You also visited: Trove, Ossuary, Ice Cave and Wizlab.

You collected 3349 gold pieces.
You spent 2541 gold pieces at shops.

Inventory:

Hand Weapons
 a - the +5 Force Lance (weapon) {heavy, knockback}
   (You found it on level 1 of the Lair of Beasts)
 b - a +5 short sword of freezing
 h - a +2 double sword of freezing
 R - a +0 rapier
 Z - a +4 long sword of holy wrath
Missiles
 L - 59 poisoned darts (quivered)
Armour
 t - the +2 hood of the Assassin (worn) {Detect Stab+ Stlth++}
   (You bought it in a shop on level 4 of the Dungeon)

   Detect:    It allows the wearer to sense nearby creatures.
   Stab+:     It allows the wearer to make particularly effective stabbing
   attacks against helpless or unaware enemies with any weapon.
   Stlth++:   It makes you much more stealthy.
 x - a scarf of resistance (worn)
 A - a +1 pair of boots (worn)
 D - the +3 buckler "Runeh" (worn) {rPois Will- SInv}
   (You acquired it on level 8 of the Dungeon)

   rPois:     It protects you from poison Will-: It decreases your willpower.
   SInv:      It lets you see invisible.
 F - a +1 buckler of cold resistance
 P - a +2 pair of gloves (worn)
 X - the quicksilver dragon scales of an ice cave (worn) {rPois rN+ Will+ Regen+ SInv}
   (You bought it in a shop on level 6 of the Dungeon)

   rPois:     It protects you from poison rN+: It protects you from negative
   energy.
   Will+:     It increases your willpower.
   SInv:      It lets you see invisible.
   Regen+:    It increases your rate of health regeneration.
Jewellery
 k - a ring of fire
 p - a ring of ice (right hand)
 s - an amulet of regeneration
 z - an amulet of magic regeneration
 I - a ring of protection from fire (left hand)
 O - a +4 ring of protection
 S - an amulet of reflection (around neck)
 W - a ring of ice
 Y - a ring of fire
Talismans
 w - a storm talisman
Wands
 f - a wand of roots (18)
 v - a wand of paralysis (22)
 C - a wand of acid (1)
 M - a wand of flame (38)
Scrolls
 c - 3 scrolls of revelation
 d - 2 scrolls of amnesia
 g - 2 scrolls of vulnerability
 i - 8 scrolls of teleportation
 j - 4 scrolls of fear
 u - 5 scrolls of blinking
 H - a scroll of fog
 K - 5 scrolls of poison
 U - 2 scrolls of enchant weapon
 V - 3 scrolls of butterflies
Potions
 e - 2 potions of enlightenment
 l - 7 potions of magic
 m - 2 potions of might
 n - 5 potions of mutation
 o - a potion of cancellation {unknown}
 q - 7 potions of heal wounds
 r - 6 potions of haste
 B - 13 potions of curing
 E - 4 potions of lignification
 J - 4 potions of resistance
 N - 8 potions of brilliance
 Q - 9 potions of ambrosia
Miscellaneous
 y - a tin of tremorstones (2/2)


   Skills:
 + Level 12.2 Fighting
 + Level 12.2 Short Blades
 + Level 12.2 Long Blades
 + Level 12.2 Axes
 + Level 12.2 Maces & Flails
 + Level 12.2 Polearms
 + Level 12.2 Staves
 + Level 12.2 Ranged Weapons
 + Level 12.2 Throwing
 + Level 12.2 Armour
 + Level 13.0 Dodging
 + Level 12.8 Stealth
 + Level 12.2 Shields
 + Level 12.2 Unarmed Combat
 + Level 13.1 Spellcasting
 + Level 10.5 Conjurations
 + Level 10.3 Hexes
 + Level 10.3 Summonings
 + Level 10.3 Necromancy
 + Level 10.3 Translocations
 + Level 10.3 Transmutations
 + Level 10.3 Fire Magic
 + Level 10.3 Ice Magic
 + Level 11.6 Air Magic
 + Level 10.3 Earth Magic
 + Level 10.3 Poison Magic
 + Level 13.2 Invocations
 + Level 12.2 Evocations
 + Level 10.3 Shapeshifting


You had 2 spell levels left.
You knew the following spells:

 Your Spells              Type           Power      Damage    Failure   Level
a - Ensorcelled Hibernat  Hex/Ice        100%       N/A       1%          2
b - Blink                 Tloc           100%       N/A       1%          2
c - Frozen Ramparts       Ice            100%       1d16      1%          3
d - Mephitic Cloud        Conj/Pois/Air  56%        N/A       1%          3
e - Call Imp              Summ           100%       N/A       1%          2
f - Freezing Cloud        Conj/Ice/Air   36%        6-21      4%          5
g - Airstrike             Air            29%        2d(5-21)  1%          4
h - Swiftness             Air            58%        N/A       1%          3
i - Sublimation of Blood  Necr           54%        N/A       1%          2
q - Anguish               Hex/Necr       27%        N/A       2%          4
r - Dispel Undead         Necr           54%        3d20      2%          4
x - Ignite Poison         Fire/Tmut/Pois 54%        N/A       1%          3
z - Olgreb's Toxic Radia  Pois           54%        N/A       2%          4

Your spell library contained the following spells:

 Spells                   Type           Power      Damage    Failure   Level
 Kiss of Death            Conj/Necr      100%       2d13      1%          1
 Magic Dart               Conj           100%       1d8       1%          1
 Necrotise                Necr           100%       1d9       1%          1
 Shock                    Conj/Air       100%       1d9       1%          1
 Sting                    Tmut/Pois      100%       1d8       1%          1
 Summon Small Mammal      Summ           100%       N/A       1%          1
 Lesser Beckoning         Tloc           100%       N/A       1%          2
 Momentum Strike          Conj/Tloc      100%       3d10      1%          2
 Poisonous Vapours        Pois/Air       100%       N/A       1%          2
 Searing Ray              Conj           100%       2d8       1%          2
 Static Discharge         Conj/Air       100%       2-7/arc   1%          2
 Wereblood                Tmut           54%        N/A       1%          2
 Call Canine Familiar     Summ           54%        N/A       1%          3
 Hailstorm                Conj/Ice       72%        3d15      1%          3
 Summon Guardian Golem    Hex/Summ       54%        N/A       1%          3
 Tukima's Dance           Hex            54%        N/A       1%          3
 Vampiric Draining        Necr           54%        2d9       1%          3
 Vhi's Electric Charge    Tloc/Air       100%       N/A       1%          3
 Summon Lightning Spire   Summ/Air       56%        N/A       1%          4
 Flame Wave               Conj/Fire      55%        2d13      2%          4
 Fulminant Prism          Conj/Hex       27%        3d13      2%          4
 Iskenderun's Mystic Bla  Conj/Tloc      55%        2d12      2%          4
 Passage of Golubria      Tloc           54%        N/A       2%          4
 Petrify                  Tmut/Erth      54%        N/A       2%          4
 Sticky Flame             Conj/Fire      55%        2d7       2%          4
 Agony                    Necr           54%        N/A       6%          5
 Alistair's Intoxication  Tmut/Pois      36%        N/A       6%          5
 Metabolic Englaciation   Hex/Ice        36%        N/A       6%          5
 Yara's Violent Unravell  Hex/Tmut       27%        3d12      6%          5
 Conjure Ball Lightning   Conj/Air       28%        3x3d8     26%         6
 Leda's Unmaking          Conj/Erth      27%        9d5       32%         6
 Death Channel            Necr           27%        N/A       34%         6
 Orb of Destruction       Conj           27%        9d9       86%         7
 Spellforged Servitor     Conj/Summ      27%        N/A       88%         7
 Summon Hydra             Summ           27%        N/A       88%         7
 Ignition                 Fire           27%        3d9       100%        8
 Lehudib's Crystal Spear  Conj/Erth      27%        10d7      100%        8


Dungeon Overview and Level Annotations

Branches:
Dungeon (15/15)            Temple (1/1) D:4            Lair (5/5) D:10
  Swamp (0/4) Lair:2       Spider (0/4) Lair:3        Slime (0/5) Lair:4
    Orc (2/2) D:10            Elf (2/3) Orc:2        Vaults (0/5) D:14
 Depths (0/4) D:15        Ossuary (visited)           IceCv (visited)
 WizLab (visited)

Altars:
Ashenzari
Cheibriados
Dithmenos
Elyvilon
Fedhas
Gozag
Hepliaklqana
Kikubaaqudgha
Makhleb
Nemelex Xobeh
Okawaru
Qazlal
Ru
Sif Muna
Trog
Uskayaw
Vehumet
Wu Jian
Xom
Yredelemnul
Zin
The Shining One
Jiyva

Shops:
D:4 [   D:6 [   D:12 [   D:13 :?((   Orc:2 :*[*   Elf:1 *   Elf:2 [

Portals:
Pandemonium: Orc:2


Innate Abilities, Weirdness & Mutations

You have very sharp teeth.
Your uncanny sense of smell can sniff out nearby items.
Your experience applies equally to all skills.
You are robust. (+10% HP)
You are covered in fur. (AC +1)


Message History

Press: ? - help, v - describe, . - travel
Here: a +2 triple sword of venom (moderately damaged)
The floor.
Okay, then.
Okay, then.
Magic courses through your body.
You block the +2 triple sword of venom's attack.
Casting: Airstrike (mildly dangerous; 1% risk of failure)
Confirm with . or Enter, or press ? or * to list all spells.
Aiming: Airstrike (mildly dangerous; 1% risk of failure)
Press: ? - help, Dir - move target, f/p - +2 triple sword of venom
Aim: a +2 triple sword of venom (moderately damaged, empty space bonus: 7/8)
The air twists around and strikes the +2 triple sword of venom!
The +2 triple sword of venom is severely damaged.
You block the +2 triple sword of venom's attack.
Casting: Airstrike (mildly dangerous; 1% risk of failure)
Confirm with . or Enter, or press ? or * to list all spells.
Aiming: Airstrike (mildly dangerous; 1% risk of failure)
Press: ? - help, Dir - move target, f/p - +2 triple sword of venom
Aim: a +2 triple sword of venom (severely damaged, empty space bonus: 7/8)
The air twists around and strikes the +2 triple sword of venom but does no damage.
The +2 triple sword of venom hits you!
* * * LOW HITPOINT WARNING * * *
Casting: Airstrike (mildly dangerous; 1% risk of failure)
Confirm with . or Enter, or press ? or * to list all spells.
Aiming: Airstrike (mildly dangerous; 1% risk of failure)
Press: ? - help, Dir - move target, f/p - +2 triple sword of venom
Aim: a +2 triple sword of venom (severely damaged, empty space bonus: 7/8)
The air twists around and strikes the +2 triple sword of venom!
The +2 triple sword of venom is almost destroyed.
The +2 triple sword of venom hits you!!
* * * LOW HITPOINT WARNING * * *
You are lethally poisoned!
Casting: Airstrike (mildly dangerous; 1% risk of failure)
Confirm with . or Enter, or press ? or * to list all spells.
Okay, then.
You feel much better.
You feel very sick. The +2 triple sword of venom hits you!!
You die...

***,,,...,*****,...# **,,...#*
##...# ***,,,....##*##...#*
*,,,,,....).##...#*
,,,,,,...........##
,,,,,,............##
,,,,,,.............#
,,,,,,#......).().##
,,,..*##.......)@## #
,,...###......)..## #
,,....#...........## #########
,,.................# ##....<..#
,,................## #.........
,,....)..........## **##.......>.
,,...........#...## *,...........
*,..........###...##***#.......).
**.........## *#...# #.........


You could see a +2 triple sword of venom.

Vanquished Creatures
  Jorgrun (Orc:2)
  A dire elephant (Lair:5)
  Azrael (D:13)
  Snorg (D:10)
  A deep elf death mage (Elf:1)
  Josephine (Lair:4)
  2 blizzard demons (IceCv)
  Fannar (D:10)
  7 hydras
  3 vault guards
  2 caustic shrike simulacra (IceCv)
  8 centaur warriors
  A ghost crab (Lair:2)
  Erolcha (D:10)
  A demonspawn (Orc:2)
  An ogre mage (D:15)
  3 catoblepae
  21 dancing weapons
  6 two-headed ogres
  4 boulder beetles
  A vampire mage (D:15)
  5 death yaks (Lair:5)
  Erica (Orc:1)
  A sphinx skeleton (D:15)
  A deep troll shaman (Lair:5)
  8 orc high priests
  Urug (D:11)
  Nergalle (Orc:1)
  Sonja (D:13)
  A sun demon (Orc:2)
  7 deep elf knights
  A sixfirhy (Orc:2)
  3 skeletal warriors
  2 skysharks
  A spark wasp zombie (D:15)
  6 deep elf archers
  A sea snake (shapeshifter) (D:13)
  A bog body (IceCv)
  10 spriggan simulacra (IceCv)
  An obsidian statue (IceCv)
  Pikel (D:4)
  A necromancer (D:15)
  4 orc knights (Orc:2)
  11 deep elf zephyrmancers
  7 ugly things
  A frost giant zombie (D:15)
  18 deep elf pyromancers
  4 mana vipers (WizLab)
  4 orc sorcerers (Orc:2)
  4 cyclopes
  11 black mambas
  Joseph (D:7)
  16 elephants
  An orange demon (Orc:2)
  12 cane toads
  2 gargoyles (D:11)
  Maggie (D:7)
  2 ice statues (Elf:2)
  2 kobold demonologists
  10 komodo dragons
  8 rime drakes
  An unseen horror (D:11)
  6 ice devils (IceCv)
  A tengu conjurer (D:15)
  An anaconda simulacrum (IceCv)
  A queen bee (Lair:2)
  A troll (D:12)
  5 polar bears
  A tarantella (shapeshifter) (Elf:2)
  25 blink frogs
  Grinder (D:6)
  A raiju (shapeshifter) (Elf:2)
  A hornet (D:8)
  A spectral black mamba (Lair:3)
  2 ynoxinuls (Orc:2)
  An air elemental (Elf:2)
  3 jumping spiders (Lair:3)
  A culicivora (Lair:3)
  3 shadows
  10 slime creatures
  5 wraiths
  7 wyverns
  36 yaks
  A water elemental (Elf:1)
  5 fire elementals
  A spectral komodo dragon (Lair:2)
  3 steam dragons
  5 basilisks
  8 humans (D:14)
  10 vampire mosquitoes
  4 harpy simulacra (IceCv)
  8 minotaur simulacra (IceCv)
  A warg (D:10)
  3 acid dragons (D:11)
  A spectral cane toad (Lair:2)
  A hydra simulacrum (IceCv)
  2 floating eyes
  2 hell hounds (D:13)
  11 water moccasins
  3 ice beasts
  27 orc warriors
  A human skeleton (D:15)
  5 black bears
  3 sky beasts
  A spectral blink frog (Lair:2)
  5 boggarts (D:15)
  16 wolves
  9 ogres
  14 centaurs
  3 phantoms
  A spectral basilisk (Lair:2)
  2 elf zombies (Ossuary)
  4 lemures (D:4)
  6 kobold brigands
  14 bullfrogs
  7 deep troll simulacra (IceCv)
  6 earth elementals
  6 scorpions
  11 wights
  2 lindwurm simulacra (IceCv)
  27 killer bees
  3 electric eels
  5 howler monkeys
  2 human zombies (Ossuary)
  A hound (D:6)
  25 orc priests
  3 jellies
  A sleepcap (D:4)
  Crazy Yiuf (D:4)
  Ijyb (D:4)
  3 iguanas
  16 orc wizards
  2 mummies (Ossuary)
  Robin (D:3)
  14 gnolls
  6 adders
  A shadow imp (D:7)
  An ufetubus (D:4)
  2 adder zombies (Ossuary)
  2 worms
  4 dart slugs
  63 orcs
  5 ball pythons
  2 bats
  3 endoplasms
  A giant cockroach (D:1)
  10 hobgoblins
  6 jackals
  18 kobolds
  2 quokkas
  11 frilled lizards
  17 goblins
  A goblin zombie (Ossuary)
  12 hobgoblin zombies (Ossuary)
  3 jackal zombies (Ossuary)
  10 kobold zombies (Ossuary)
  4 orc zombies (Ossuary)
  6 rats
  A rat zombie (Ossuary)
864 creatures vanquished.

Vanquished Creatures (collateral kills)
  2 killer bees (D:10)
  An orc (D:4)
3 creatures vanquished.

Vanquished Creatures (others)
  2 hydras
  A boulder beetle (D:13)
  2 tengu warriors
  A deep elf knight (Elf:1)
  2 skeletal warriors (D:10)
  A water elemental (Elf:1)
  2 humans (D:14)
  2 wights (D:9)
  2 killer bees
  An orc wizard (D:9)
  An orc (Orc:1)
  A goblin (D:4)
18 creatures vanquished.

Grand Total: 885 creatures vanquished

Notes
Turn   | Place    | Note
-------+----------+-------------------------------------------
     0 | D:1      | Ignak the Gnoll Air Elementalist began the quest for the
                  | Orb.
     0 | D:1      | Reached XP level 1. HP: 13/13 MP: 6/6
   223 | D:1      | Reached XP level 2. HP: 13/19 MP: 2/7
   363 | D:1      | Learned a level 2 spell: Blink
  1072 | D:2      | Reached XP level 3. HP: 25/25 MP: 9/9
  1074 | D:2      | Reached skill level 5 in Spellcasting
  1107 | D:2      | Learned a level 2 spell: Call Imp
  1111 | D:2      | Learned a level 3 spell: Mephitic Cloud
  1298 | D:2      | Reached skill level 1 in Invocations
  1714 | D:3      | Reached skill level 1 in Fighting
  1714 | D:3      | Reached skill level 1 in Short Blades
  1714 | D:3      | Reached skill level 1 in Long Blades
  1714 | D:3      | Reached skill level 1 in Axes
  1714 | D:3      | Reached skill level 1 in Maces & Flails
  1714 | D:3      | Reached skill level 1 in Polearms
  1714 | D:3      | Reached skill level 1 in Staves
  1714 | D:3      | Reached skill level 1 in Ranged Weapons
  1714 | D:3      | Reached skill level 1 in Throwing
  1714 | D:3      | Reached skill level 1 in Armour
  1714 | D:3      | Reached skill level 1 in Shields
  1714 | D:3      | Reached skill level 1 in Unarmed Combat
  1714 | D:3      | Reached skill level 1 in Evocations
  1749 | D:3      | Reached XP level 4. HP: 10/32 MP: 9/11
  1893 | D:3      | Found a faded altar of an unknown god.
  2272 | D:4      | Reached skill level 1 in Hexes
  2272 | D:4      | Reached skill level 1 in Summonings
  2272 | D:4      | Reached skill level 1 in Necromancy
  2272 | D:4      | Reached skill level 1 in Translocations
  2272 | D:4      | Reached skill level 1 in Transmutations
  2272 | D:4      | Reached skill level 1 in Fire Magic
  2272 | D:4      | Reached skill level 1 in Ice Magic
  2272 | D:4      | Reached skill level 1 in Earth Magic
  2272 | D:4      | Reached skill level 1 in Poison Magic
  2272 | D:4      | Reached skill level 1 in Shapeshifting
  2282 | D:4      | Noticed Robin
  2288 | D:4      | Reached XP level 5. HP: 35/37 MP: 8/12
  2575 | D:3      | Killed Robin
  2619 | D:4      | Noticed a sky beast
  2641 | D:4      | Killed a sky beast
  2642 | D:4      | Reached XP level 6. HP: 44/44 MP: 12/14
  2654 | D:4      | Found a staircase to the Ecumenical Temple.
  2655 | D:4      | Noticed Ijyb
  2659 | D:4      | Paralysed by Ijyb for 4 turns
  2674 | D:4      | Killed Ijyb
  2675 | D:4      | Reached skill level 5 in Dodging
  2787 | Temple   | Entered the Ecumenical Temple
  2834 | Temple   | Became a worshipper of Sif Muna the Loreminder
  2863 | D:4      | Found a large runed translucent door.
  2864 | D:4      | Found a large runed translucent door.
  2882 | D:4      | Noticed Pikel
  2890 | D:4      | Noticed a steam dragon
  3100 | D:4      | Killed Pikel
  3101 | D:4      | Reached skill level 5 in Stealth
  3101 | D:4      | Reached XP level 7. HP: 37/51 MP: 8/15
  3101 | D:4      | Reached XP level 8. HP: 42/57 MP: 8/16
  3194 | D:4      | Found a large runed translucent door.
  3194 | D:4      | Found a large runed translucent door.
  3313 | D:4      | Found Tilatul's Armour Boutique.
  3357 | D:4      | Bought a +0 cloak for 63 gold pieces
  3357 | D:4      | Bought a +0 pair of boots for 63 gold pieces
  3453 | D:4      | Found a runed translucent door.
  3454 | D:4      | Noticed Crazy Yiuf
  3471 | D:4      | Killed Crazy Yiuf
  3588 | D:4      | Identified a scroll of acquirement
  3890 | D:4      | Got the Verses on Transformation and Necromancy
  3998 | D:4      | Noticed a yak
  4020 | D:4      | Killed a yak
  4388 | D:5      | Entered Level 5 of the Dungeon
  4623 | D:5      | Reached XP level 9. HP: 65/65 MP: 18/18
  4749 | D:5      | Learned a level 3 spell: Swiftness
  4754 | D:5      | Learned a level 4 spell: Airstrike
  5355 | D:6      | Reached * piety under Sif Muna
  5410 | D:5      | Acquired 717 gold pieces
  5472 | D:4      | Bought the +2 hood of the Assassin {Detect Stab+ Stlth++}
                  | for 840 gold pieces
  5472 | D:4      | Found the +2 hood of the Assassin {Detect Stab+ Stlth++}
  5639 | D:6      | Found Quury's Armour Emporium.
  5861 | D:6      | Noticed Grinder
  5872 | D:6      | Killed Grinder
  5983 | D:6      | Reached skill level 5 in Invocations
  6536 | D:7      | Noticed Joseph
  6545 | D:7      | Killed Joseph
  6546 | D:7      | Found a sand-covered staircase.
  6572 | Ossuary  | Entered an ossuary
  6659 | Ossuary  | Reached ** piety under Sif Muna
  6774 | Ossuary  | Reached XP level 10. HP: 73/73 MP: 20/20
  6895 | Ossuary  | Reached skill level 5 in Fighting
  6895 | Ossuary  | Reached skill level 5 in Short Blades
  6895 | Ossuary  | Reached skill level 5 in Long Blades
  6895 | Ossuary  | Reached skill level 5 in Axes
  6895 | Ossuary  | Reached skill level 5 in Maces & Flails
  6895 | Ossuary  | Reached skill level 5 in Polearms
  6895 | Ossuary  | Reached skill level 5 in Staves
  6895 | Ossuary  | Reached skill level 5 in Ranged Weapons
  6895 | Ossuary  | Reached skill level 5 in Throwing
  6895 | Ossuary  | Reached skill level 5 in Armour
  6895 | Ossuary  | Reached skill level 5 in Shields
  6895 | Ossuary  | Reached skill level 5 in Unarmed Combat
  6895 | Ossuary  | Reached skill level 5 in Evocations
  7010 | D:7      | Noticed Maggie
  7028 | D:7      | Killed Maggie
  7845 | D:8      | Reached *** piety under Sif Muna
  7846 | D:8      | Reached skill level 5 in Conjurations
  8230 | D:8      | Learned a level 4 spell: Sticky Flame
  8293 | D:8      | Acquired the +3 buckler "Runeh" {rPois Will- SInv}
  9071 | D:9      | Noticed a boulder beetle
  9076 | D:9      | Paralysed by a hornet for 2 turns
  9123 | D:9      | Killed a boulder beetle
  9319 | D:9      | Learned a level 3 spell: Frozen Ramparts
  9336 | D:9      | Found a glowing silver altar of Zin.
  9370 | D:9      | Reached XP level 11. HP: 81/81 MP: 22/22
  9466 | D:9      | Reached skill level 5 in Hexes
  9466 | D:9      | Reached skill level 5 in Summonings
  9466 | D:9      | Reached skill level 5 in Necromancy
  9466 | D:9      | Reached skill level 5 in Translocations
  9466 | D:9      | Reached skill level 5 in Transmutations
  9466 | D:9      | Reached skill level 5 in Fire Magic
  9466 | D:9      | Reached skill level 5 in Ice Magic
  9466 | D:9      | Reached skill level 5 in Earth Magic
  9466 | D:9      | Reached skill level 5 in Poison Magic
  9466 | D:9      | Reached skill level 5 in Shapeshifting
  9531 | D:9      | Found a sacrificial altar of Ru.
  9586 | D:9      | Found a burning altar of Makhleb.
  9673 | D:9      | Gained mutation: You occasionally shout uncontrollably at
                  | your foes. [a neqoxec]
 10140 | D:10     | Entered Level 10 of the Dungeon
 10241 | D:10     | Noticed Erolcha
 10553 | D:10     | Reached **** piety under Sif Muna
 10690 | D:10     | Killed Erolcha
 10867 | D:10     | Reached ***** piety under Sif Muna
 10876 | D:10     | Received a gift from Sif Muna
 10884 | D:10     | Got Sif Muna's Compilation of the Discharge {god gift}
 10914 | D:10     | Learned a level 4 spell: Anguish
 11228 | D:10     | Found a staircase to the Lair.
 11322 | D:10     | Found a staircase to the Orcish Mines.
 11344 | Orc:1    | Entered Level 1 of the Orcish Mines
 11344 | Orc:1    | Noticed Nergalle
 11352 | Orc:1    | Killed Nergalle
 11511 | Orc:1    | Noticed a cyclops
 11518 | Orc:1    | Noticed Snorg
 11519 | Orc:1    | Noticed Fannar
 11563 | D:10     | Killed Snorg
 11564 | D:10     | Reached XP level 12. HP: 55/89 MP: 3/24
 12021 | Orc:1    | Noticed a two-headed ogre
 12034 | D:10     | Killed a two-headed ogre
 12223 | D:10     | Killed Fannar
 12299 | Orc:1    | Noticed Erica
 12307 | Orc:1    | Killed Erica
 12494 | Orc:2    | Entered Level 2 of the Orcish Mines
 12494 | Orc:2    | Found a staircase to the Elven Halls.
 12707 | D:6      | Bought the quicksilver dragon scales of an ice cave {rPois
                  | rN+ Will+ Regen+ SInv} for 875 gold pieces
 12924 | Orc:1    | Learned a level 2 spell: Ensorcelled Hibernation
 13105 | Orc:2    | Found Giabri's General Store.
 13109 | Orc:2    | Found Dowuun's General Store.
 13356 | Orc:2    | Bought a scroll of identify for 28 gold pieces
 13376 | Orc:2    | Noticed an orc high priest
 13391 | Orc:2    | Killed an orc high priest
 13451 | Orc:2    | Noticed a sun demon
 13468 | Orc:2    | Killed a sun demon
 13680 | Orc:2    | Noticed a soul eater
 13713 | Orc:2    | Reached XP level 13. HP: 92/98 MP: 4/26
 13992 | Orc:2    | Noticed Jorgrun
 14033 | Orc:2    | Killed Jorgrun
 14144 | Orc:2    | Received a gift from Sif Muna
 14301 | Orc:2    | Found Ymait's Book Emporium.
 14301 | Orc:2    | Found Minipyi's Antique Armour Shoppe.
 14301 | Orc:2    | Found a one-way gate leading to the halls of Pandemonium.
 14327 | Orc:2    | Bought a pair of embroidered boots for 262 gold pieces
 14382 | Orc:2    | Got Sif Muna's Theurgy, Part Four {god gift}
 14593 | Orc:2    | Learned a level 4 spell: Olgreb's Toxic Radiance
 14696 | Lair:1   | Entered Level 1 of the Lair of Beasts
 14884 | Lair:1   | Reached skill level 10 in Spellcasting
 15421 | Lair:1   | Found the +5 Force Lance {heavy, knockback}
 15622 | Lair:1   | Reached skill level 10 in Dodging
 16315 | Lair:2   | Reached XP level 14. HP: 90/108 MP: 10/28
 16487 | Lair:2   | Reached skill level 10 in Stealth
 16913 | Lair:2   | Reached skill level 10 in Invocations
 17121 | Lair:2   | Found a staircase to the Swamp.
 17444 | Lair:3   | Received a gift from Sif Muna
 17447 | Lair:3   | Got Tyalegu's Spellbook of Unstable Arcane Combat {god
                  | gift}
 17958 | Lair:3   | You fall into a shaft and drop 1 floor!
 18304 | Lair:3   | Found a hole to the Spider Nest.
 18668 | Lair:4   | Found a staircase to the Slime Pits.
 18668 | Lair:4   | Found a viscous altar of Jiyva.
 18845 | Lair:4   | Noticed Josephine
 18865 | Lair:4   | Killed Josephine
 19016 | Lair:4   | Upgraded the game from 0.31-a0-559-g03b8d61ab2 to
                  | 0.31-a0-569-g7ea453304b
 19651 | Lair:5   | Entered Level 5 of the Lair of Beasts
 19993 | Lair:5   | Reached skill level 10 in Air Magic
 19997 | Lair:5   | Reached XP level 15. HP: 105/115 MP: 16/30
 20118 | Lair:5   | Reached skill level 10 in Fighting
 20118 | Lair:5   | Reached skill level 10 in Short Blades
 20118 | Lair:5   | Reached skill level 10 in Long Blades
 20118 | Lair:5   | Reached skill level 10 in Axes
 20118 | Lair:5   | Reached skill level 10 in Maces & Flails
 20118 | Lair:5   | Reached skill level 10 in Polearms
 20118 | Lair:5   | Reached skill level 10 in Staves
 20118 | Lair:5   | Reached skill level 10 in Ranged Weapons
 20118 | Lair:5   | Reached skill level 10 in Throwing
 20118 | Lair:5   | Reached skill level 10 in Armour
 20118 | Lair:5   | Reached skill level 10 in Shields
 20118 | Lair:5   | Reached skill level 10 in Unarmed Combat
 20118 | Lair:5   | Reached skill level 10 in Evocations
 20588 | Lair:5   | Received a gift from Sif Muna
 20590 | Lair:5   | Got Sif Muna's Guidebook on Striking and Turbulence {god
                  | gift}
 21210 | Lair:5   | Got Sif Muna's Vademecum on Igneous Poisoning
 21755 | D:11     | Paralysed by a floating eye for 4 turns
 22525 | D:11     | Learned a level 5 spell: Freezing Cloud
 22559 | D:11     | Noticed Urug
 22567 | D:11     | Killed Urug
 23107 | D:12     | Found Miudaluwk's Antique Armour Shoppe.
 23258 | D:12     | Received a gift from Sif Muna
 23621 | D:13     | Found Tafouw's Book Boutique.
 23622 | D:13     | Found Xodifega's Magic Scroll Boutique.
 23622 | D:13     | Found Leowasac's Antique Weapon Boutique.
 23624 | D:13     | Found Ziyng's Weapon Boutique.
 23657 | D:13     | Bought a +0 broad axe for 40 gold pieces
 23665 | D:13     | Bought 3 scrolls of blinking for 292 gold pieces
 23665 | D:13     | Bought a scroll of teleportation for 39 gold pieces
 23665 | D:13     | Bought a scroll of teleportation for 39 gold pieces
 23817 | D:13     | Found a portal to a secret trove of treasure.
 23826 | Trove    | Entered a treasure trove
 24079 | D:13     | Noticed Sonja
 24089 | D:13     | Killed Sonja
 24291 | D:13     | Noticed Azrael
 24303 | D:13     | Killed Azrael
 24745 | D:13     | Reached XP level 16. HP: 57/124 MP: 28/31
 25106 | D:14     | Lost mutation: You occasionally shout uncontrollably at
                  | your foes. [potion of mutation]
 25106 | D:14     | Gained mutation: You are covered in fur. (AC +1) [potion of
                  | mutation]
 25106 | D:14     | Gained mutation: You are robust. (+10% HP) [potion of
                  | mutation]
 25793 | D:14     | Reached XP level 17. HP: 144/144 MP: 31/33
 26221 | D:14     | Learned a level 3 spell: Ignite Poison
 26232 | D:14     | Found a gate to the Vaults.
 26793 | D:15     | Entered Level 15 of the Dungeon
 26915 | D:15     | Identified the +5 short sword "Xyrenwa" {spect, *Noise
                  | +Blink rElec}
 27058 | D:15     | Found a staircase to the Depths.
 28318 | Elf:1    | Entered Level 1 of the Elven Halls
 28446 | Elf:1    | Reached skill level 10 in Conjurations
 28704 | Elf:1    | Found Ranecahorch's General Store.
 28999 | Elf:1    | Learned a level 2 spell: Sublimation of Blood
 29663 | Elf:2    | Paralysed by an air elemental for 1 turns
 29677 | Elf:2    | Found Peuf's Antique Armour Boutique.
 29696 | Elf:2    | Found a frozen archway.
 29732 | Elf:2    | Found a magical portal.
 29741 | WizLab   | Entered Yara's Duelist Academy
 29948 | IceCv    | Entered an ice cave
 30071 | IceCv    | Learned a level 4 spell: Dispel Undead
 30260 | IceCv    | Reached skill level 10 in Hexes
 30260 | IceCv    | Reached skill level 10 in Summonings
 30260 | IceCv    | Reached skill level 10 in Necromancy
 30260 | IceCv    | Reached skill level 10 in Translocations
 30260 | IceCv    | Reached skill level 10 in Transmutations
 30260 | IceCv    | Reached skill level 10 in Fire Magic
 30260 | IceCv    | Reached skill level 10 in Ice Magic
 30260 | IceCv    | Reached skill level 10 in Earth Magic
 30260 | IceCv    | Reached skill level 10 in Poison Magic
 30260 | IceCv    | Reached skill level 10 in Shapeshifting
 30345 | IceCv    | Reached XP level 18. HP: 154/154 MP: 29/34
 31375 | IceCv    | Got the Precepts of the Winter
 31680 | Elf:2    | Identified the +0 ring mail of Tempters {Will+}
 31810 | Elf:2    | Found a runed translucent gate.
 31810 | Elf:2    | Found a runed translucent gate.
 31810 | Elf:2    | Found a runed translucent gate.
 32608 | Elf:2    | HP: 4/154 [+2 triple sword of venom (20)]
 32609 | Elf:2    | Slain by a +2 triple sword of venom

Illustrated notes

Levels and vault maps discovered:
D:1:      lightli_arrival_noodles, layout_basic
D:2:      layout_loops_cross
D:3:      layout_rooms, shapermc_ecumenical_altar_petra
D:4:      layout_gridville, temple_pool_b, serial_shops, shop,
          minmay_hollow_rounded_squares, uniq_ijyb, uniq_pikel, uniq_robin,
          uniq_crazy_yiuf_cottage
D:5:      layout_basic, kennysheep_generic_room_12
D:6:      layout_basic, serial_shops, shop, kennysheep_decorative_pillar,
          minmay_lizard_king, uniq_grinder
D:7:      layout_loops_cross, lightli_ossuary_entry_decrepit_ruins, uniq_joseph,
          uniq_maggie
D:8:      layout_basic
D:9:      minmay_octagon_keep, layout_loops_cross, mainiacjoe_overflow_swirl,
          lightli_temple_of_fire, lemuel_flamethrower_2
D:10:     minmay_general_purpose_star, layout_irregular_city,
          grunt_lair_entry_orc_guard_hut, hiddenorc1_lemuel, uniq_erolcha
D:11:     layout_small_grid, onia_ninara_cookie, uniq_urug
D:12:     layout_cave_pools, serial_shops, nicolae_stop_n_shop_1
D:13:     layout_basic, enter_trove_5, grunt_ministairs_9,
          minmay_shop_grid_forest, kennysheep_generic_room_15, uniq_sonja,
          uniq_azrael
D:14:     layout_basic, ximxim_vaults_locker_room, serial_bayou_pond_e,
          serial_co_window_serial, co_window_corner_a, co_window_cross_1,
          co_window_corner_a, co_window_of_opportunity_a, co_window_paths_a,
          co_window_paths_b, co_window_corner_b, co_window_corner_cb,
          co_window_corner_b, co_window_corner_b, co_window_2corner,
          co_window_paths_c, serial_bayou_pond_e
D:15:     gammafunk_depths_entry_grave, layout_stronghold,
          serial_co_window_serial, co_window_corner_a, co_window_paths_a,
          co_window_corner_a, co_window_paths_b, co_window_corner_a,
          co_window_corner_b, co_window_corner_b, co_window_broadway_a,
          co_window_broadway_b, co_window_4corner_b, glass_columns_c,
          glass_columns_a, glass_columns_b
Temple:   hellmonk_temple_of_storms
Lair:1:   layout_regular_city, pdpol_lair_cavern_descent
Lair:2:   layout_loops_ring, nicolae_swamp_entry_spooky, special_room
          [special_room_bee]
Lair:3:   layout_regular_city, spider_nest_entry_funnel_web
Lair:4:   layout_cave_pods, nicolae_slime_entry_field_trip, grunt_megastairs_4,
          uniq_josephine
Lair:5:   grunt_lair_end_beastmaster, layout_layer_cave,
          nicolae_quartered_pool_medium, hangedman_lair_unloving_vines
Orc:1:    layout_caves, basic_altar, uniq_snorg, uniq_nergalle, uniq_fannar,
          uniq_erica
Orc:2:    pf_orc_diabolical, layout_caves, uniq_jorgrun
Elf:1:    eino_elf_arrival_the_gate, layout_loops_cross, serial_shops, shop,
          hangedman_corner_corridor
Elf:2:    elven_hall_of_blades_hangedman_original [mumra_blade_entry_bloodbath],
          layout_rooms, serial_shops, shop,
          portal_ice_cave_entry_ice_statue_two, mu_enter_wizlab_5,
          nicolae_fountain_basement

Skill      XL: |  1  2  3  4  5  6  7  8  9 10 11 12 13 14 15 16 17 18 |
---------------+-------------------------------------------------------+-----
Conjurations   | 2 3 4 5 6 7 8 9 10 | 10.5
Spellcasting   | 5 6 7 8 9 10 11 12 13 | 13.1
Invocations    | 1 2 3 4 5 6 7 8 9 10 11 12 13 | 13.2
Fighting       | 1 2 3 4 5 6 8 9 10 11 12 | 12.2
Short Blades   | 1 2 3 4 5 6 8 9 10 11 12 | 12.2
Long Blades    | 1 2 3 4 5 6 8 9 10 11 12 | 12.2
Axes           | 1 2 3 4 5 6 8 9 10 11 12 | 12.2
Maces & Flails | 1 2 3 4 5 6 8 9 10 11 12 | 12.2
Polearms       | 1 2 3 4 5 6 8 9 10 11 12 | 12.2
Staves         | 1 2 3 4 5 6 8 9 10 11 12 | 12.2
Ranged Weapons | 1 2 3 4 5 6 8 9 10 11 12 | 12.2
Throwing       | 1 2 3 4 5 6 8 9 10 11 12 | 12.2
Armour         | 1 2 3 4 5 6 8 9 10 11 12 | 12.2
Shields        | 1 2 3 4 5 6 8 9 10 11 12 | 12.2
Unarmed Combat | 1 2 3 4 5 6 8 9 10 11 12 | 12.2
Evocations     | 1 2 3 4 5 6 8 9 10 11 12 | 12.2
Hexes          | 1 2 3 4 5 6 7 8 9 10 | 10.3
Summonings     | 1 2 3 4 5 6 7 8 9 10 | 10.3
Necromancy     | 1 2 3 4 5 6 7 8 9 10 | 10.3
Translocations | 1 2 3 4 5 6 7 8 9 10 | 10.3
Transmutations | 1 2 3 4 5 6 7 8 9 10 | 10.3
Fire Magic     | 1 2 3 4 5 6 7 8 9 10 | 10.3
Ice Magic      | 1 2 3 4 5 6 7 8 9 10 | 10.3
Earth Magic    | 1 2 3 4 5 6 7 8 9 10 | 10.3
Poison Magic   | 1 2 3 4 5 6 7 8 9 10 | 10.3
Shapeshifting  | 1 2 3 4 5 6 7 8 9 10 | 10.3
Dodging        | 5 6 7 8 9 10 11 12 13 | 13.0
Stealth        | 5 6 7 8 9 10 11 12 | 12.8
Air Magic      | 6 7 8 9 10 11 | 11.6

Action                     |  1- 3 |  4- 6 |  7- 9 | 10-12 | 13-15 | 16-18 || total
---------------------------+-------+-------+-------+-------+-------+-------++-------
  Melee: Unarmed           |     7 |       |       |       |       |       ||     7
         Dagger            |     2 |       |       |       |       |       ||     2
         Bite              |     4 |    26 |    46 |   144 |   158 |    84 ||   462
         Short sword       |    68 |   132 |   233 |   748 |   214 |     1 ||  1396
         Punch             |     1 |     6 |    10 |     5 |       |       ||    22
         Whip              |       |       |   153 |   126 |       |       ||   279
         Executioner's axe |       |       |    11 |       |       |       ||    11
         Hand axe          |       |       |       |    32 |       |       ||    32
         Lance             |       |       |       |       |   867 |   612 ||  1479
         War axe           |       |       |       |       |     9 |       ||     9
  Throw: Dart              |       |       |       |     1 |     5 |     1 ||     7
   Cast: Shock             |    23 |    24 |     4 |     8 |       |       ||    59
         Mephitic Cloud    |       |     9 |    14 |    38 |    17 |     2 ||    80
         Blink             |       |     4 |     5 |     6 |    14 |     8 ||    37
         Call Imp          |       |     1 |     1 |       |     1 |     4 ||     7
         Frozen Ramparts   |       |       |       |    22 |    12 |     2 ||    36
         Sticky Flame      |       |       |       |     3 |     1 |       ||     4
         Airstrike         |       |       |       |     1 |       |    73 ||    74
         Ensorcelled Hiber |       |       |       |    29 |    77 |       ||   106
         Anguish           |       |       |       |     5 |    26 |    22 ||    53
         Olgreb's Toxic Ra |       |       |       |       |    65 |    41 ||   106
         Freezing Cloud    |       |       |       |       |    15 |     7 ||    22
         Dispel Undead     |       |       |       |       |       |    47 ||    47
         Ignite Poison     |       |       |       |       |       |    11 ||    11
         Sublimation of Bl |       |       |       |       |       |     3 ||     3
 Invoke: Channel Magic     |       |       |       |     1 |       |       ||     1
  Evoke: Wand              |       |       |     2 |    16 |     1 |     6 ||    25
         Tin of tremorston |       |       |       |       |     2 |     2 ||     4
    Use: Scroll            |     3 |     1 |     7 |     9 |     5 |     7 ||    32
         Potion            |       |       |       |     8 |     3 |     8 ||    19
   Stab: Sleeping          |     8 |     1 |    13 |    29 |    50 |    20 ||   121
         Confused          |       |     4 |    10 |    22 |     9 |       ||    45
         Paralysed         |       |       |     5 |     8 |       |       ||    13
         Distracted        |       |       |       |     1 |     2 |     2 ||     5
 Armour: Robe              |     5 |    24 |    66 |     9 |       |       ||   104
         Steam dragon scal |       |       |       |   148 |       |       ||   148
         Quicksilver drago |       |       |       |    30 |   494 |   243 ||   767
  Dodge: Dodged            |    45 |    95 |   212 |   415 |   525 |   249 ||  1541
  Block: Buckler           |       |       |       |   293 |   848 |   390 ||  1531
         Reflection        |       |       |       |     1 |    21 |    14 ||    36

Table legend: (Time is in decaauts)
 A = Elapsed time spent in this place.
 B = Non-inter-level travel time spent in this place.
 C = Inter-level travel time spent in this place.
 D = Time resting spent in this place.
 E = Time spent auto-exploring this place.
 F = Levels seen in this place.
 G = Mean time per level.
                   A        B        C        D        E       F      G
               +--------+--------+--------+--------+--------+-----+--------+
         Total |  32185 |  30527 |   1658 |   3657 |  14398 |  29 | 1109.8 |
       Dungeon |  18163 |  16973 |   1190 |   1553 |   9119 |  15 | 1210.9 |
        Temple |     57 |     57 |      0 |      0 |      0 |   1 |   57.0 |
          Lair |   6862 |   6533 |    329 |    335 |   3779 |   5 | 1372.4 |
  Orcish Mines |   2420 |   2283 |    137 |    575 |    495 |   2 | 1210.0 |
   Elven Halls |   2429 |   2429 |      0 |    348 |    878 |   2 | 1214.5 |
         Trove |     91 |     91 |      0 |      0 |      0 |   1 |   91.0 |
       Ossuary |    352 |    352 |      0 |      0 |      0 |   1 |  352.0 |
      Ice Cave |   1641 |   1641 |      0 |    756 |    127 |   1 | 1641.0 |
        Wizlab |    166 |    166 |      0 |     90 |      0 |   1 |  166.0 |
               +--------+--------+--------+--------+--------+-----+--------+

Top non-repeatable levels by time:
    D:10: 1987 daAuts
   Orc:2: 1826 daAuts
  Lair:5: 1800 daAuts
     D:4: 1787 daAuts
    D:14: 1765 daAuts
   IceCv: 1641 daAuts
  Lair:1: 1445 daAuts
    D:13: 1406 daAuts
     D:8: 1399 daAuts
     D:9: 1359 daAuts
    D:15: 1348 daAuts
   Elf:1: 1282 daAuts
  Lair:2: 1259 daAuts
  Lair:4: 1224 daAuts
   Elf:2: 1146 daAuts
